 Dungeon Crawl Stone Soup version 0.21-a0-633-g4c047d5 (webtiles) character file.

9 theanonym the Vexing (level 2, -1/11 HPs)
             Began as a Felid Enchanter on Dec 28, 2017.
             Slain by a hobgoblin
             ... wielding a +0 club
              (4 damage)
             ... on level 1 of the Dungeon.
             The game lasted 00:00:39 (109 turns).

theanonym the Vexing (Felid Enchanter)               Turns: 109, Time: 00:00:40

Health: -1/11      AC:  1    Str:  4    XL:     2   Next: 6%
Magic:  4/6        EV: 18    Int: 16    God:
Gold:   0          SH:  0    Dex: 16    Spells: 4/5 levels left
                                        Lives:  0   Deaths: 0

rFire    . . .     SeeInvis +     - Unarmed
rCold    . . .     Gourm    .   (shield unavailable)
rNeg     . . .     Faith    .   (armour unavailable)
rPois    .         Spirit   .   (helmet unavailable)
rElec    .         Reflect  .   (cloak unavailable)
rCorr    .         Harm     .   (gloves unavailable)
MR       .....                  (boots unavailable)
Stlth    +++.......             (no amulet)
HPRegen  0.03/turn              (no ring)
MPRegen  0.10/turn              (no ring)

@: quick
A: very small, no armour, no weapons or thrown items, stealth, claws 1, fangs 3,
see invisible, carnivore, speed 1, shaggy fur 1, slow metabolism 1, sharp paws
a: no special abilities


Innate Abilities, Weirdness & Mutations

You cannot wear armour.
You are incapable of wielding weapons or throwing items.
Your paws allow you to move quietly. (Stealth)
You have sharp claws.
You have razor-sharp teeth.
You have supernaturally acute eyesight. (SInv)
You are carnivorous and can eat meat at any time.
You cover ground quickly.
You are covered in fur. (AC +1)
You have a slow metabolism.
Your sharp claws are effective at attacking unaware monsters.


   Skills:
 - Level 2.6 Dodging
 + Level 4.2 Stealth
 * Level 1.6 Unarmed Combat
 - Level 2.0 Spellcasting
 + Level 4.6 Hexes


You had 4 spell levels left.
You knew the following spells:

 Your Spells              Type           Power        Failure   Level  Hunger
a - Corona                Hex            ###....      3%          1    #......

Action                   || total
-------------------------++-------
Melee: Unarmed           ||    32
       Bite              ||     1
 Cast: Corona            ||     3
  Eat: Chunk             ||     2
Armor: Skin              ||     2
Dodge: Dodged            ||    26

Inventory:

Books
 a - a book of Maledictions
Comestibles
 e - a ration


You were on level 1 of the Dungeon.
You were full.

You visited 1 branch of the dungeon, and saw 1 of its levels.

Dungeon Overview and Level Annotations

Branches:
Dungeon (1/15)

Altars:


Message History

No target in view!
No target in view!
No target in view!
You start resting.
Health restored: 7 You enter the shallow water.
Moving in this stuff is going to be slow.
You butcher the ball python corpse.
You hear a splash.
b - 2 chunks of flesh You see here a ball python skeleton. x2
Eating one of 2 chunks of flesh.
You eat one of the 2 chunks of flesh.
This raw flesh tastes great.
Eating a chunk of flesh.
You eat the chunk of flesh.
This raw flesh tastes great.
Found a mace.
A hobgoblin comes into view.
A hobgoblin is nearby!
A hobgoblin is nearby!
A hobgoblin is nearby!
The hobgoblin is too close now for your liking.
The hobgoblin shouts!
You hear a bark! x2; You hear a shout!
Found a ruby potion.
A jackal comes into view.
The jackal barks!
The hobgoblin barely misses you.
A rat and 2 jackals come into view.
You scratch the hobgoblin but do no damage.
The hobgoblin misses you.
A goblin comes into view. It is wielding a dagger.
You scratch the hobgoblin but do no damage.
The hobgoblin closely misses you.
Aim: a hobgoblin (chance to defeat MR: 69%)
The hobgoblin is outlined in light.
You now have 3/4 mp.
You scratch the hobgoblin.
You kill the hobgoblin!
The jackal bites you but does no damage.
You closely miss the jackal. The jackal barely misses you.
You scratch the jackal. The jackal bites you.
You take 1 damage, and have 6/7 hp.
You closely miss the jackal. The jackal completely misses you.
You scratch the jackal. The jackal misses you.
You scratch the jackal. The jackal completely misses you.
A jackal comes into view.
The jackal barks!
You scratch the jackal.
You kill the jackal!
You closely miss the jackal. The jackal bites you.
You take 1 damage, and have 5/7 hp.
You scratch the jackal but do no damage.
The jackal barely misses you. The jackal misses you.
You closely miss the jackal. The jackal barely misses you.
You barely miss the jackal. The jackal completely misses you.
MP restored: 4 You barely miss the jackal.
The jackal barely misses you. The jackal misses you.
A hobgoblin comes into view. It is wielding a club.
You scratch the jackal.
You kill the jackal!
You scratch the rat.
You kill the rat!
You miss the goblin. You scratch the goblin. The goblin completely misses you.
You scratch the goblin.
You kill the goblin!
You scratch the jackal. The jackal closely misses you.
You closely miss the jackal. Your bite misses the jackal.
The jackal barely misses you.
You scratch the jackal. The jackal bites you. x2
You take 2 damage, and have 3/7 hp.
MASSIVE DAMAGE!!
You are too injured to fight recklessly!
You are too injured to fight recklessly!
You are too injured to fight recklessly!
You are too injured to fight recklessly!
You scratch the jackal.
You kill the jackal!
You have reached level 2!
You regained 3 hp, and now have 6/11 hp.
MP restored: 6 You barely miss the jackal.
The jackal bites you. The jackal closely misses you.
You take 1 damage, and have 5/11 hp.
You are too injured to fight recklessly!
You are too injured to fight recklessly!
You scratch the jackal. The jackal bites you.
* * * LOW HITPOINT WARNING * * *
You take 2 damage, and have 3/11 hp.
Aim: a jackal (heavily wounded, chance to defeat MR: 71%)
The jackal barely resists.
The jackal closely misses you.
You now have 5/6 mp.
You closely miss the jackal. The jackal barely misses you.
The jackal completely misses you.
You completely miss the jackal. The jackal misses you.
You closely miss the jackal. The jackal barely misses you.
You scratch the jackal.
You kill the jackal!
Aim: a hobgoblin, wielding a club (chance to defeat MR: 71%)
The hobgoblin is outlined in light.
The hobgoblin hits you with a club.
You die...

+≈..# #≈..# #≈≈.# ≈≈≈ #≈≈.#
# ≈≈≈#####≈≈.# ######.## #
≈≈≈≈≈≈≈≈..######......). #≈
#≈≈###≈≈≈>..............
#≈≈##≈≈#>#≈≈..######..####.#
≈≈≈≈≈≈≈#<#≈≈....@g..........
≈≈≈≈≈≈≈#'#≈.≈.####.......#.#
≈≈≈≈≈≈≈≈≈≈≈≈..# #..........
..≈......÷≈...# #.#..##.#.#
########....#.# #r#.....# .
######.# #.#....!.. #.#
#h#..####. #.# #h#..# #..
...g..


You could see a hobgoblin.

Notes
Turn   | Place    | Note
-------+----------+-------------------------------------------
     0 | D:1      | theanonym the Felid Enchanter began the quest for the Orb.
     0 | D:1      | Reached XP level 1. HP: 7/7 MP: 4/4
   100 | D:1      | HP: 3/7 [jackal (1)]
   101 | D:1      | Reached XP level 2. HP: 6/11 MP: 6/6
   109 | D:1      | Slain by a hobgoblin

Vanquished Creatures
  A goblin (D:1)
  A hobgoblin (D:1)
  4 jackals (D:1)
  A ball python (D:1)
  A rat (D:1)
8 creatures vanquished.

Table legend:
 A = Turns spent in this place as a percentage of turns spent in the entire game.
 B = Non-inter-level travel turns spent in this place as a percentage of non-inter-level travel turns spent in the entire game.
 C = Inter-level travel turns spent in this place as a percentage of turns spent in this place.
 D = Turns resting spent in this place as a percentage of non-inter-level travel turns spent in this place.
 E = Turns spent auto-exploring this place as a percentage of non-inter-level travel turns spent in this place.
 F = Non-inter-level travel turns spent in this place divided by the number of levels of this place that you've seen.
                   A       B       C       D       E      F
               +-------+-------+-------+-------+-------+----------------------
         Total | 100.0 | 100.0 |   0.0 |  34.9 |  21.1 | 109.0
       Dungeon | 100.0 | 100.0 |   0.0 |  34.9 |  21.1 | 109.0
               +-------+-------+-------+-------+-------+----------------------
